Map: Abyssal Reef LE

Players

TRUE - Winner!

  • Race: Zerg Zerg
  • Spawn Location: 5:00

Serral

  • Race: Zerg Zerg
  • Spawn Location: 11:00

Event: WCS Valencia 2017

VOD

Have the link to the VOD?

Description

Time

  • Played on: July 15, 2017, 6 a.m.
  • Length: 3:31

All games in this series

Show
View Real Time Build Order
Export as new Build Order

TRUE Zerg - Winner!

Build Orders: Pool First 

Get SALT Encoding   

  12  0:00  Drone  
  13  0:11  Extractor  
  12  0:24  Spawning Pool  
  12  0:28  Drone  
  12  0:33  Drone  
  13  0:38  Drone  
  14  0:50  Overlord  
  14  1:11  Zergling x2  
  14  1:12  Metabolic Boost, Zergling x2  
  14  1:15  Zergling x2  
  17  1:22  Zergling x2  
  18  1:32  Baneling Nest  
  17  1:37  Zergling x2  
  18  1:44  Zergling x2  
  19  1:55  Zergling x2  
  20  2:18  Baneling x2  
  20  2:23  Baneling x2  
  20  2:25  Hatchery  
  20  2:28  Zergling x2  
  20  2:33  Zergling x2  
  21  2:38  Baneling  
  21  2:50  Zergling x2  
  20  2:51  Zergling x2  
  20  2:54  Zergling x2  
  20  3:11  Zergling x2  
  21  3:13  Baneling x2  
  21  3:14  Zergling x2  
Show
View Real Time Build Order
Export as new Build Order

Serral Zerg 

Build Orders: Pool First 

Get SALT Encoding   

  12  0:00  Drone  
  13  0:13  Overlord  
  13  0:17  Drone  
  14  0:32  Drone x2  
  17  0:35  Drone  
  17  0:45  Spawning Pool  
  17  0:48  Drone  
  17  1:09  Hatchery  
  16  1:11  Drone  
  16  1:13  Extractor  
  16  1:32  Zergling x6  
  19  1:33  Queen  
  21  1:43  Overlord  
  21  1:54  Spine Crawler  
  21  1:55  Zergling x2  
  21  2:04  Zergling x2  
  22  2:10  Queen  
  24  2:17  Zergling x2  
  25  2:25  Baneling Nest  
  25  2:27  Drone  
  25  2:34  Drone x2  
  27  2:48  Zergling x6  
  22  2:52  Zergling x2  
  22  2:53  Zergling x2  
  22  2:56  Zergling x2  
  24  3:01  Zergling x2  
  25  3:10  Baneling x3  
Tags
 
Add a new tag
Caveats
  • Supply blocks, unpowered buildings, or Contaminate may cause inaccurate times.
  • Supply counts are checked every 10 seconds.